 Dungeon Crawl Stone Soup version 0.28-a0-422-gd71735cc25 (webtiles) character file.

Game seed: 9220891429236728512

184 aSlayers the Slasher (level 5, 0/41 HPs)
             Began as a Human Chaos Knight on Sept 8, 2021.
             Was a Plaything of Xom.
             Slain by a killer bee (5 damage)
             ... on level 5 of the Dungeon.
             The game lasted 00:13:40 (4420 turns).

aSlayers the Slasher (Human Chaos Knight)           Turns: 4420, Time: 00:13:46

Health: 0/41       AC:  5    Str: 16    XL:     5   Next: 95%
Magic:  22/23      EV: 11    Int: 12    God:    Xom [.*....]
Gold:   49         SH:  0    Dex: 12    Spells: 3/4 levels left

rFire   . . .      SeeInvis .   h - +2 hand axe (pain)
rCold   . . .      Faith    .   (no shield)
rNeg    . . .      Spirit   .   b - +2 leather armour
rPois   .          Reflect  .   (no helmet)
rElec   .          Harm     .   (no cloak)
rCorr   .          Rampage  .   (no gloves)
Will    .....                   (no boots)
Stlth   +.........              (no amulet)
HPRegen 0.13/turn               d - ring of magical power
MPRegen 0.18/turn               e - ring of magical power

@: brilliant, lethally poisoned (0 -> -12), very slightly contaminated, hasted,
very quick
A: sense surroundings 1, strong 1, evolution 1
a: Renounce Religion


You were on level 5 of the Dungeon.
You worshipped Xom.
You were a plaything of Xom.
You visited 1 branch of the dungeon, and saw 5 of its levels.

You collected 236 gold pieces.
You spent 187 gold pieces at shops.

Inventory:

Hand Weapons
 a - a +0 falchion of chaos
 h - a +2 hand axe of pain (weapon)
Armour
 b - a +2 leather armour (worn)
Jewellery
 d - a ring of magical power (left hand)
 e - a ring of magical power (right hand)
 f - a ring of protection from fire
Scrolls
 j - a scroll of amnesia
Potions
 i - a potion of flight {unknown}
 o - a potion of degeneration {unknown}


   Skills:
 + Level 3.5 Fighting
 + Level 4.5 Long Blades
 + Level 2.3 Axes
 + Level 2.5 Armour
 + Level 1.4 Dodging
 + Level 0.2 Spellcasting
 + Level 0.1 Conjurations
 + Level 0.5 Fire Magic


You had 3 spell levels left.
You knew the following spells:

 Your Spells              Type           Power      Damage    Failure   Level
a - Foxfire               Conj/Fire      4%         2x1d4     34%         1

Your spell library contained the following spells:

 Spells                   Type           Power      Damage    Failure   Level
 Conjure Flame            Conj/Fire      1%         6-21      71%         3
 Inner Flame              Hex/Fire       1%         N/A       71%         3
 Flame Wave               Conj/Fire      1%         3d3       98%         4


Dungeon Overview and Level Annotations

Branches:
Dungeon (5/15)             Temple (0/1) D:4

Altars:
Okawaru
Ru
Wu Jian
Xom
Zin
The Shining One
Beogh

Shops:
D:4 !(


Innate Abilities, Weirdness & Mutations

You passively map a small area around you.
Your muscles are strong. (Str +2)
You have hidden genetic potential.


Message History

The killer bee stings you.
The killer bee stings you but does no damage.
Okay, then.
You feel better.
The foxfire hits the killer bee.
The killer bee is lightly wounded.
The killer bee stings you. x2; The killer bee closely misses you.
The killer bee barely misses you. The killer bee closely misses you.
The killer bee stings you but does no damage.
You feel better. The killer bee stings you.
The killer bee stings you but does no damage.
The killer bee barely misses you. The killer bee stings you.
You are poisoned.
The killer bee poisons you! The killer bee misses you.
The killer bee barely misses you.
Okay, then.
You barely miss the killer bee.
The killer bee is lightly wounded.
You hit the killer bee but do no damage.
You miss the killer bee.
You feel sick.
The killer bee stings you but does no damage. x2
The killer bee barely misses you. The killer bee stings you!
The killer bee closely misses you. The killer bee stings you.
* * * LOW HITPOINT WARNING * * *
It was a potion of haste.
You feel yourself speed up.
Xom thinks this is hilarious!
You feel sick.
The killer bee stings you but does no damage.
The killer bee closely misses you. The killer bee barely misses you.
The killer bee closely misses you.
The killer bee stings you but does no damage.
The killer bee stings you.
* * * LOW HITPOINT WARNING * * *
It was a potion of brilliance.
You feel clever all of a sudden.
You feel sick. The killer bee stings you.
* * * LOW HITPOINT WARNING * * *
You are lethally poisoned!
The killer bee poisons you! The killer bee stings you.
You die...
Xom is highly amused!

**,,,,,,,,,* #........# *,,*
***,,,,,,,** #..(....## *,,,
,**,,,,,,,* #........##*******,
,**,,,,,..######.........,,,**
**
,,,,,,,,........(#####...,,,,**
,,,,,,,,........o# *,,,****,*
,,,,,***#...###gg## **,,* **,*
,,,,** ###** ##yy# *,.##*,,*
,,,,* #@y## **..##.,* ,,,**
##..# ###......# ,,,*
###..###........##* ,,,*
***#.........#**,...#. ,,,**
#...........## **...., ,,,,*
###.........# ##..#** ,,,,*
##.#..#...####..###_ ,,,,**
###....[...##....8. ,,,,,*
##..........#*,,,


You could see 3 killer bees, 2 gnolls and an orc.

Vanquished Creatures
  A howler monkey (D:5)
  A bullfrog skeleton (D:5)
  4 adders
  An ufetubus (D:4)
  A dart slug (D:1)
  2 orcs (D:3)
  4 bats
  7 endoplasms
  4 giant cockroaches
  6 goblins
  6 hobgoblins
  9 jackals
  11 kobolds
  2 quokkas (D:1)
  4 ball pythons
  4 frilled lizards
  4 rats
71 creatures vanquished.

Vanquished Creatures (others)
  11 foxfires
11 creatures vanquished.

Grand Total: 82 creatures vanquished

Notes
Turn   | Place    | Note
-------+----------+-------------------------------------------
     0 | D:1      | aSlayers the Human Chaos Knight began the quest for the
                  | Orb.
     0 | D:1      | Reached XP level 1. HP: 18/18 MP: 1/1
   164 | D:1      | Reached XP level 2. HP: 19/24 MP: 2/2
   664 | D:1      | Learned a level 1 spell: Foxfire
   715 | D:1      | Reached XP level 3. HP: 25/29 MP: 3/3
   759 | D:1      | Found a faded altar of an unknown god.
   859 | D:1      | XOM: divination: magic mapping
   864 | D:1      | XOM: divination: detect items
   892 | D:2      | XOM: divination: magic mapping
  1258 | D:2      | XOM: noise
  1449 | D:2      | Reached skill level 4 in Long Blades
  1449 | D:2      | Reached XP level 4. HP: 28/35 MP: 4/4
  1891 | D:2      | XOM: 11-stop teleportation journey
  2620 | D:3      | Reached XP level 5. HP: 22/41 MP: 5/5
  3058 | D:3      | Found a glowing golden altar of the Shining One.
  3194 | D:3      | XOM: scenery: create altars
  3287 | D:3      | XOM: give mutations
  3287 | D:3      | Gained mutation: Your muscles are strong. (Str +2) [Xom's
                  | grace]
  3287 | D:3      | Gained mutation: You have hidden genetic potential. [Xom's
                  | grace]
  3287 | D:3      | Gained mutation: You passively map a small area around you.
                  | [Xom's grace]
  3347 | D:3      | XOM: silly message
  3454 | D:4      | Found a staircase to the Ecumenical Temple.
  3496 | D:4      | Found an iron altar of Okawaru.
  3700 | D:4      | Found an ornate altar of the Wu Jian Council.
  3732 | D:4      | Found Imiex's Distillery.
  3738 | D:4      | Bought a potion of curing for 33 gold pieces
  3738 | D:4      | Bought a potion of curing for 33 gold pieces
  3738 | D:4      | Bought a potion of curing for 33 gold pieces
  3738 | D:4      | Bought a potion of heal wounds for 55 gold pieces
  3738 | D:4      | Bought a potion of curing for 33 gold pieces
  3768 | D:4      | Found Xompup's Weapon Emporium.
  3979 | D:4      | Found a sacrificial altar of Ru.
  4074 | D:5      | Entered Level 5 of the Dungeon
  4113 | D:5      | XOM: smoke on damage
  4115 | D:5      | XOM: enchant monster (bad)
  4128 | D:5      | Reached skill level 1 in Axes
  4384 | D:5      | Found a glowing silver altar of Zin.
  4420 | D:5      | Slain by a killer bee

Illustrated notes

Levels and vault maps discovered:
D:1:      psy_arrival_basics, layout_loops_corners,
          hellmonk_ecumenical_altar_defaced_shrine,
          hangedman_decor_clover_reticule
D:2:      layout_loops_corners
D:3:      layout_basic, nicolae_tso_carved_into_rock, hangedman_decor_points,
          minmay_puff
D:4:      layout_rooms, mainiacjoe_overflow_small_starburst,
          mainiacjoe_overflow_swirl, minmay_temple_entry_drinking_statues,
          serial_shops, nicolae_square_shop, palyth_stone_intersect,
          kennysheep_small_square
D:5:      layout_layer_cave, trog_antimagical, minitemple

Skill      XL: |  1  2  3  4  5 |
---------------+----------------+-----
Long Blades    | 4 |  4.5
Axes           | 2 |  2.3
Fighting       | |  3.5
Armour         | |  2.5
Dodging        | |  1.4
Spellcasting   | |  0.2
Conjurations   | |  0.1
Fire Magic     | |  0.5

Action                   |  1- 3 |  4- 6 || total
-------------------------+-------+-------++-------
Melee: Falchion          |    93 |    46 ||   139
       Hand axe          |       |    64 ||    64
 Cast: Foxfire           |     3 |     6 ||     9
  Use: Potion            |       |     8 ||     8
       Scroll            |       |     4 ||     4
Armor: Leather armour    |    33 |    85 ||   118
Dodge: Dodged            |    58 |   124 ||   182

Table legend: (Time is in decaauts)
 A = Elapsed time spent in this place.
 B = Non-inter-level travel time spent in this place.
 C = Inter-level travel time spent in this place.
 D = Time resting spent in this place.
 E = Time spent auto-exploring this place.
 F = Levels seen in this place.
 G = Mean time per level.
                   A        B        C        D        E       F      G
               +--------+--------+--------+--------+--------+-----+--------+
         Total |   4450 |   4448 |      2 |    193 |   2763 |   5 |  890.0 |
       Dungeon |   4450 |   4448 |      2 |    193 |   2763 |   5 |  890.0 |
               +--------+--------+--------+--------+--------+-----+--------+

Top non-repeatable levels by time:
     D:3: 1540 daAuts
     D:2: 1044 daAuts
     D:1: 892 daAuts
     D:4: 624 daAuts
     D:5: 348 daAuts
